 Dungeon Crawl Stone Soup version 0.32-a0-411-g744942f (webtiles) character file.

Game seed: 1370052117680283954

1549 Nithhogg the Trooper (level 8, -3/71 HPs)
             Began as a Mountain Dwarf Fighter on Feb 20, 2024.
             Slain by a vampire (5 damage)
             ... on level 6 of the Dungeon.
             The game lasted 00:06:30 (5132 turns).

Nithhogg the Trooper (Mountain Dwarf Fighter)       Turns: 5132, Time: 00:06:30

Health: -3/71      AC: 13    Str: 21    XL:     8   Next: 57%
Magic:  12/12      EV:  7    Int:  9    God:
Gold:   295        SH:  0    Dex:  9    Spells: 7/7 levels left

rFire   . . .        d - +5 scythe (heavy)
rCold   . . .        (shield currently unavailable)
rNeg    . . .        j - +1 plate armour
rPois   .            (no helmet)
rElec   .            (no cloak)
rCorr   .            (no gloves)
SInv    .            (no boots)
Will    .....        (no amulet) Stlth
                     (no ring)
HPRegen 0.31/turn    (no ring)
MPRegen 0.13/turn

%: no passive effects
@: confused
A: runic magic, artefact enchanting
a: no special abilities


You were on level 6 of the Dungeon.
You visited 2 branches of the dungeon, and saw 7 of its levels.

You collected 295 gold pieces.

Inventory:

Hand Weapons
 a - a +1 war axe
 d - a +5 heavy scythe (weapon)
Missiles
 r - 5 datura-tipped darts (quivered)
Armour
 b - a +0 scale mail
 c - a +0 buckler
 j - a +1 plate armour (worn)
Jewellery
 n - a +6 ring of strength
 s - a ring of wizardry
Wands
 v - a wand of roots (5)
Scrolls
 f - 2 scrolls of enchant weapon
 k - a scroll of revelation
 m - 2 scrolls of identify
 q - a scroll of vulnerability
Potions
 e - a potion of resistance {unknown}
 g - 2 potions of enlightenment {unknown}
 h - 3 potions of heal wounds {unknown}
 i - a potion of curing {unknown}
 l - 2 potions of attraction {unknown}
 o - a potion of magic {unknown}
 p - a potion of berserk rage {unknown}
 t - a potion of ambrosia {unknown}
 u - a potion of haste {unknown}


   Skills:
 + Level 6.4 Fighting
 + Level 6.3 Axes
 + Level 6.2 Armour
 + Level 3.0 Dodging
 - Level 3.2 Shields
 + Level 6.2 Invocations


You had 7 spell levels left.
You didn't know any spells.
Your spell library contained the following spells:

 Spells                   Type           Power      Damage    Failure   Level
 Apportation              Tloc           0%         N/A       65%         1
 Necrotise                Necr           0%         1d4       65%         1
 Sting                    Conj/Alch      0%         1d3       65%         1
 Summon Small Mammal      Summ           0%         N/A       65%         1
 Lesser Beckoning         Tloc           0%         N/A       78%         2
 Dazzling Flash           Conj/Hex       0%         N/A       95%         3
 Gell's Gravitas          Tloc           0%         N/A       95%         3
 Mephitic Cloud           Conj/Alch/Air  0%         N/A       95%         3
 Teleport Other           Tloc           0%         N/A       95%         3
 Curse of Agony           Necr           0%         N/A       100%        5
 Silence                  Hex/Air        0%         N/A       100%        5


Dungeon Overview and Level Annotations

Branches:
Dungeon (6/15)             Temple (1/1) D:5

Altars:
Ashenzari
Cheibriados
Elyvilon
Fedhas
Gozag
Kikubaaqudgha
Makhleb
Nemelex Xobeh
Okawaru
Ru
Trog
Uskayaw
Vehumet
Wu Jian
Xom
Yredelemnul
Zin
The Shining One


Innate Abilities, Weirdness & Mutations

Your spellcasting is much less encumbered by armour.
You can use scrolls of enchantment on lesser artefacts.


Message History

The orc hits you but does no damage. The orc barely misses you.
You slice the vampire!!
The vampire is heavily damaged.
The orc hits you but does no damage. x2
The vampire mumbles some strange words.
The vampire flickers and vanishes!
Deactivating autopickup; reactivate with Ctrl-A.
The orc hits you with a +2 short sword of speed. x2
The orc hits you with a +0 mace. Something draws life force from you!
You barely miss something.
The orc hits you with a +2 short sword of speed.
The orc hits you with a +0 mace. Something hits you but does no damage.
Something bites you.
Something draws strength from your injuries!
The orc hits you but does no damage. x2
You hear some strange, mumbled words.
You are confused.
The orc hits you with a +0 mace.
You are too confused!
You bump into the rock wall.
The orc hits you but does no damage. x2
Something hits you but does no damage. Something bites you.
Something draws strength from your injuries!
The orc hits you but does no damage.
You bump into the rock wall.
The orc hits you with a +2 short sword of speed.
The orc hits you but does no damage. Something hits you.
Something bites you but does no damage.
You bump into the rock wall.
The orc hits you but does no damage. The orc barely misses you.
Something hits you!
* * * LOW HITPOINT WARNING * * *
Something bites you but does no damage. The orc barely misses you.
You completely miss something. The orc barely misses you. Something hits you.
* * * LOW HITPOINT WARNING * * *
Something bites you but does no damage. The orc hits you but does no damage.
The orc hits you with a +2 short sword of speed.
* * * LOW HITPOINT WARNING * * *
Something hits you.
* * * LOW HITPOINT WARNING * * *
Something bites you.
You die...

.## .. # #.#
#.# .##.. ..(
.#.# #.###
#..#.....#
##..#.$ß..#
#..oofßßß..
###.#@#
#....{# #
#.###.###.###
.. #.......#
#.###.##....#.
#.....###....⌠
###...<...#.#.
###...#...#
.........#


You could see a sleepcap and 2 orcs.

Vanquished Creatures
  Grinder (D:5)
  Sigmund (D:5)
  2 ice beasts
  An ogre (D:5)
  Blork the orc (D:6)
  4 scorpions
  2 jellies
  2 hounds
  2 orc priests
  Crazy Yiuf (D:5)
  2 orc wizards
  Terence (D:2)
  3 gnolls (D:3)
  6 adders
  7 dart slugs
  8 ribbon worms
  17 orcs
  10 ball pythons
  10 bats
  3 endoplasms
  2 giant cockroaches
  10 goblins
  6 hobgoblins
  9 jackals
  8 quokkas
  3 frilled lizards (D:3)
  7 kobolds
  12 rats
141 creatures vanquished.

Notes
Turn   | Place    | Note
-------+----------+-------------------------------------------
     0 | D:1      | Nithhogg the Mountain Dwarf Fighter began the quest for the
                  | Orb.
     0 | D:1      | Reached XP level 1. HP: 19/19 MP: 1/1
    27 | D:1      | Reached skill level 1 in Invocations
    36 | D:1      | Reached XP level 2. HP: 26/26 MP: 2/2
   179 | D:1      | Reached XP level 3. HP: 29/33 MP: 4/4
   791 | D:2      | Reached XP level 4. HP: 40/40 MP: 5/5
  1202 | D:2      | Noticed Terence
  1209 | D:2      | Killed Terence
  1550 | D:2      | Reached XP level 5. HP: 46/46 MP: 7/7
  2029 | D:3      | Reached skill level 1 in Dodging
  2147 | D:3      | Found an opulent altar of Gozag.
  2214 | D:3      | Reached XP level 6. HP: 53/53 MP: 8/8
  2610 | D:3      | Found a glowing golden altar of the Shining One.
  2835 | D:4      | Found a hide-covered altar of Uskayaw.
  3104 | D:4      | Reached skill level 5 in Fighting
  3266 | D:4      | Reached skill level 5 in Armour
  3266 | D:4      | Reached XP level 7. HP: 44/61 MP: 10/10
  3630 | D:5      | Entered Level 5 of the Dungeon
  3963 | D:5      | Noticed Sigmund
  4008 | D:5      | Killed Sigmund
  4009 | D:5      | Reached skill level 5 in Axes
  4104 | D:5      | Noticed Grinder
  4109 | D:5      | Paralysed by Grinder for 3 turns
  4117 | D:5      | Killed Grinder
  4118 | D:5      | Reached skill level 5 in Invocations
  4118 | D:5      | Reached XP level 8. HP: 48/70 MP: 11/11
  4552 | D:5      | Found a staircase to the Ecumenical Temple.
  4562 | Temple   | Entered the Ecumenical Temple
  4654 | D:5      | Found a runed translucent door.
  4655 | D:5      | Noticed Crazy Yiuf
  4994 | D:5      | Killed Crazy Yiuf
  5112 | D:6      | Noticed Blork the orc
  5117 | D:6      | Killed Blork the orc
  5132 | D:6      | HP: 2/71 [something (5)]
  5132 | D:6      | Slain by a vampire

Illustrated notes

Levels and vault maps discovered:
D:1:      dpeg_arrival_lava_altar, layout_rooms, glass_columns_a,
          minmay_ruptured
D:2:      layout_basic, uniq_terence
D:3:      minmay_skewed_foursquare, layout_loops_ring, tso_oasis_becter,
          grunt_gozag_statues
D:4:      layout_loops_cross, eat_drink_and_be_merry_uskayaw
D:5:      layout_loops_cross, minmay_temple_entry_antechambers,
          uniq_crazy_yiuf_cottage, uniq_sigmund, uniq_grinder
D:6:      layout_loops_ring, minmay_chambers_of_fives, uniq_blork_the_orc
Temple:   eino_wide_crystal_templ

Skill      XL: |  1  2  3  4  5  6  7  8 |
---------------+-------------------------+-----
Invocations    | 1 2 3 4 5 6 |  6.2
Axes           | 3 4 5 6 |  6.3
Fighting       | 4 5 6 |  6.4
Armour         | 4 5 6 |  6.2
Dodging        | 1 2 3 |  3.0
Shields        | |  3.2

Action                     |  1- 3 |  4- 6 |  7- 9 || total
---------------------------+-------+-------+-------++-------
  Melee: War axe           |    88 |   257 |    57 ||   402
         Halberd           |       |       |    51 ||    51
    Use: Scroll            |       |     3 |     4 ||     7
         Potion            |       |       |     1 ||     1
 Armour: Scale mail        |    61 |    50 |       ||   111
         Plate armour      |       |   224 |   166 ||   390
  Dodge: Dodged            |    58 |   105 |    38 ||   201
  Block: Buckler           |    19 |    63 |    11 ||    93

Table legend: (Time is in decaauts)
 A = Elapsed time spent in this place.
 B = Non-inter-level travel time spent in this place.
 C = Inter-level travel time spent in this place.
 D = Time resting spent in this place.
 E = Time spent auto-exploring this place.
 F = Levels seen in this place.
 G = Mean time per level.
                   A        B        C        D        E       F      G
               +--------+--------+--------+--------+--------+-----+--------+
         Total |   5321 |   5169 |    152 |    302 |   3817 |   7 |  760.1 |
       Dungeon |   5320 |   5168 |    152 |    302 |   3817 |   6 |  886.7 |
        Temple |      1 |      1 |      0 |      0 |      0 |   1 |    1.0 |
               +--------+--------+--------+--------+--------+-----+--------+

Top non-repeatable levels by time:
     D:5: 1451 daAuts
     D:3: 1112 daAuts
     D:4: 975 daAuts
     D:2: 946 daAuts
     D:1: 724 daAuts
     D:6: 110 daAuts
  Temple: 1 daAuts
